 Dungeon Crawl Stone Soup version 0.29.0-15-g675c0067aa (webtiles) character file.

Game seed: 9487061146769330127

405 qw the Chopper (level 6, -1/38 HPs)
             Began as a Gargoyle Fighter on Sept 11, 2022.
             Was an Initiate of Okawaru.
             Slain by an iguana (3 damage)
             ... on level 5 of the Dungeon.
             The game lasted 00:01:36 (4207 turns).

qw the Chopper (Gargoyle Fighter)                   Turns: 4207, Time: 00:01:37

Health: -1/38      AC: 17    Str: 22    XL:     6   Next: 87%
Magic:  6/6        EV:  7    Int:  8    God:    Okawaru [......]
Gold:   259        SH:  4    Dex:  9    Spells: 5/5 levels left

rFire   . . .      SeeInvis .   Y - +0 war axe
rCold   . . .      Faith    .   c - +0 buckler
rNeg    + . .      Spirit   .   k - +0 chain mail
rPois   inf        Reflect  .   e - +0 helmet
rElec   +          Harm     .   (no cloak)
rCorr   .          Rampage  .   g - +0 pair of gloves
Will    .....                   o - +0 pair of boots
Stlth   ..........              a - amulet of the acrobat
HPRegen 0.12/turn               (no ring)
MPRegen 0.10/turn               (no ring)

@: no status effects
A: sickness immunity, AC +4, negative energy resistance 1, electricity
resistance, torment resistance 1, petrification resistance
a: Renounce Religion


You were on level 5 of the Dungeon.
You worshipped Okawaru.
Okawaru was noncommittal.
You visited 1 branch of the dungeon, and saw 5 of its levels.

You collected 259 gold pieces.


Innate Abilities, Weirdness & Mutations

You are immune to sickness and miasma.
Your stone body is resilient. (AC +4)
You are immune to poison.
You resist negative energy. (rN+)
You are resistant to electric shocks. (rElec)
You are resistant to unholy torment.
You are immune to petrification.


   Skills:
 - Level 4.0 Fighting
 + Level 6.0 Axes
 - Level 3.2 Armour
 - Level 1.0 Dodging
 - Level 3.2 Shields


You had 5 spell levels left.
You didn't know any spells.
Your spell library was empty.

Inventory:

Hand Weapons
 s - a +2 flail of venom
 Y - a +0 war axe (weapon)
Armour
 c - a +0 buckler (worn)
 e - a +0 helmet (worn)
 g - a +0 pair of gloves (worn)
 k - a +0 chain mail (worn)
 n - an orb of light
 o - a +0 pair of boots (worn)
Jewellery
 a - an amulet of the acrobat (around neck)
 f - an amulet of guardian spirit
Scrolls
 b - a scroll of identify
 j - a scroll of enchant weapon {unknown}
 l - a scroll of butterflies {unknown}
 p - a scroll of blinking
 r - a scroll of teleportation {unknown}
Potions
 d - 2 potions of might
 h - 3 potions of curing
 i - a potion of cancellation
 m - a potion of magic
 q - 2 potions of berserk rage {unknown}
 t - a potion of attraction {unknown}

Dungeon Overview and Level Annotations

Branches:
Dungeon (5/15)             Temple (0/1) D:4

Altars:
Dithmenos
Fedhas
Okawaru
Qazlal
Ru
Uskayaw
Xom


Message History

Found a bronze wand.
The adder hisses angrily.
The gnoll shouts! x2; You hear a shout!
A gnoll comes into view.
It is wielding a +1 whip of pain. 2 gnolls come into view.
The gnoll shouts! x2
You see here a fizzy yellow potion.
A gnoll comes into view. It is wielding a +0 club.
Found a stone staircase leading up.
The gnoll shouts!
A gnoll comes into view. It is wielding a +0 whip.
The iguana completely misses you.
Enter note:
Enter note: You closely miss the iguana.
A gnoll sergeant comes into view. It is wielding a +0 spear.
The adder barely misses you.
The gnoll throws a throwing net.
The throwing net hits you.
You become entangled in the net!
The iguana bites you but does no damage.
The gnoll hits you but does no damage.
You struggle against the net.
The gnoll sergeant shouts!
The adder bites you but does no damage. The gnoll hits you but does no damage.
The gnoll hits you from afar with a +0 halberd!
The iguana bites you. The gnoll hits you but does no damage.
You struggle against the net.
The adder bites you but does no damage. The gnoll hits you but does no damage.
The gnoll barely misses you. The iguana bites you.
The gnoll hits you from afar with a +0 spear!
You struggle against the net.
The adder barely misses you. The gnoll hits you but does no damage.
The gnoll barely misses you.
The gnoll hits you but does no damage. x2
The iguana bites you but does no damage.
The gnoll hits you from afar with a +0 spear!
The gnoll hits you from afar with a +0 spear.
The adder bites you but does no damage.
You rip the net and break free!
You block the adder's attack. The gnoll barely misses you.
The gnoll hits you but does no damage. The gnoll barely misses you.
The gnoll closely misses you. The iguana bites you.
You die...

#........#...........##
####..######.8.8.8.8.##.
...##....# ##.#...#.####
.}..####.#####.....##...
../..........##...# +...
...}..##...#####+# #...
<............###.# ####
...}.ggg.....'...# #
...gggl@!.(..#.###### #
.}.g#.S......#......####
. #gg......######....#
....##.~~~.# ####.'
#.... #.~(~.# ### #.....
#.~~~..# # #....
#......# # #....
####...#


You could see a gnoll sergeant, an iguana, 8 gnolls and an adder.

Vanquished Creatures
  A scorpion (D:4)
  A howler monkey (D:4)
  A hound (D:5)
  Jessica (D:3)
  Terence (D:2)
  Robin (D:2)
  3 gnolls (D:2)
  6 adders
  3 worms
  5 dart slugs
  15 orcs
  12 ball pythons
  7 endoplasms
  9 goblins
  10 hobgoblins
  4 jackals
  5 kobolds
  6 quokkas
  4 bats
  4 frilled lizards
  6 rats
105 creatures vanquished.

Vanquished Creatures (others)
  A plant (D:4)
1 creature vanquished.

Grand Total: 106 creatures vanquished

Notes
Turn   | Place    | Note
-------+----------+-------------------------------------------
     0 | D:1      | qw the Gargoyle Fighter began the quest for the Orb.
     0 | D:1      | Reached XP level 1. HP: 14/14 MP: 1/1
     0 | D:1      | 0 ||| qw: Version: 0.1-a-119-g272c26d
     0 | D:1      | 0 ||| qw: Game counter: 10668
     0 | D:1      | 0 ||| qw: Always use a shield: true
     0 | D:1      | 0 ||| qw: God list: Okawaru
     0 | D:1      | 0 ||| qw: Allow faded altars: false
     0 | D:1      | 0 ||| qw: Do Orc after D:15 true
     0 | D:1      | 0 ||| qw: Do second Lair branch before Depths: true
     0 | D:1      | 0 ||| qw: Lair rune preference: random
     0 | D:1      | 0 ||| qw: Plans: Normal, Zot, God:TSO, Crypt, Tomb, Pan,
                  | Slime, Hells, Zig, Abyss, Orb
     0 | D:1      | 0 ||| PLANNING D:1-11
   122 | D:1      | Reached skill level 2 in Axes
   268 | D:1      | Reached XP level 2. HP: 15/19 MP: 2/2
   777 | D:1      | 777 ||| Stepping ~*~*~tactically~*~*~ (stealth).
   808 | D:1      | Reached skill level 3 in Axes
   914 | D:1      | 914 ||| READING scroll labelled COUK QISAPNOXA.
   915 | D:1      | 915 ||| READING scroll labelled WAAL ZYWOEPH.
   916 | D:1      | 916 ||| READING scroll labelled SAEHELIU XESOE.
   928 | D:2      | 928 ||| STAIRDANCE
   934 | D:1      | Reached XP level 3. HP: 23/23 MP: 3/3
   936 | D:2      | 936 ||| STAIRDANCE
   962 | D:2      | 962 ||| Stepping ~*~*~tactically~*~*~ (hiding).
  1211 | D:2      | Reached XP level 4. HP: 18/28 MP: 4/4
  1358 | D:2      | Reached skill level 4 in Axes
  1403 | D:2      | 1403 ||| Stepping ~*~*~tactically~*~*~ (stealth).
  1493 | D:2      | Noticed Terence
  1500 | D:2      | Killed Terence
  1501 | D:2      | Reached XP level 5. HP: 25/32 MP: 5/5
  1658 | D:2      | 1658 ||| DROPPING +0 whip.
  1659 | D:2      | 1659 ||| DROPPING +0 flail.
  1682 | D:2      | Noticed Robin
  1683 | D:2      | 1683 ||| Stepping ~*~*~tactically~*~*~ (hiding).
  1736 | D:2      | 1736 ||| Stepping ~*~*~tactically~*~*~ (stealth).
  1761 | D:2      | Killed Robin
  1762 | D:2      | Reached skill level 5 in Axes
  2285 | D:2      | 2285 ||| UPGRADING to +0 helmet.
  2290 | D:2      | 2290 ||| UPGRADING to +0 pair of gloves.
  2295 | D:2      | 2295 ||| UPGRADING to +0 chain mail.
  2305 | D:2      | 2305 ||| DROPPING +0 scale mail.
  2306 | D:2      | 2306 ||| READING scroll labelled ROUQIO DUNO.
  2307 | D:2      | 2307 ||| DRINKING 3 fuming sapphire potions.
  2357 | D:3      | 2357 ||| STAIRDANCE
  2395 | D:3      | Found a shadowy altar of Dithmenos.
  2428 | D:3      | Noticed Jessica
  2434 | D:3      | Killed Jessica
  2571 | D:3      | Found a stormy altar of Qazlal.
  2620 | D:3      | 2620 ||| Stepping ~*~*~tactically~*~*~ (stealth).
  2639 | D:3      | 2639 ||| Stepping ~*~*~tactically~*~*~ (stealth).
  2647 | D:3      | 2647 ||| Stepping ~*~*~tactically~*~*~ (stealth).
  2748 | D:3      | Found a hide-covered altar of Uskayaw.
  2800 | D:3      | Reached XP level 6. HP: 37/38 MP: 6/6
  2898 | D:3      | 2898 ||| Stepping ~*~*~tactically~*~*~ (hiding).
  3000 | D:3      | Found an iron altar of Okawaru.
  3132 | D:3      | 3132 ||| UPGRADING to +0 pair of boots.
  3137 | D:3      | 3137 ||| READING scroll labelled LELINA ARGHAAL.
  3138 | D:3      | 3138 ||| DRINKING 3 sedimented sapphire potions.
  3139 | D:3      | 3139 ||| DROPPING 2 potions of flight.
  3195 | D:3      | Became a worshipper of Warmaster Okawaru
  3219 | D:4      | 3219 ||| STAIRDANCE
  3296 | D:4      | 3296 ||| Stepping ~*~*~tactically~*~*~ (hiding).
  3662 | D:4      | 3662 ||| Stepping ~*~*~tactically~*~*~ (stealth).
  3665 | D:4      | Found a sacrificial altar of Ru.
  3666 | D:4      | 3666 ||| Stepping ~*~*~tactically~*~*~ (stealth).
  3672 | D:4      | 3672 ||| Stepping ~*~*~tactically~*~*~ (stealth).
  3706 | D:4      | Reached skill level 6 in Axes
  3721 | D:4      | 3721 ||| DROPPING +1 flail of draining.
  3747 | D:4      | Found a staircase to the Ecumenical Temple.
  3910 | D:4      | 3910 ||| UPGRADING to amulet of the acrobat.
  3915 | D:4      | 3915 ||| READING scroll labelled CIQEOG SATT.
  3916 | D:4      | 3916 ||| READING scroll labelled JUSIPA CAJAUSIRADU.
  3917 | D:4      | 3917 ||| READING 4 scrolls of identify.
  3917 | D:4      | 3917 ||| IDENTIFYING grey potion
  3918 | D:4      | 3918 ||| READING 3 scrolls of identify.
  3918 | D:4      | 3918 ||| IDENTIFYING bubbling coppery potion
  3919 | D:4      | 3919 ||| READING 2 scrolls of identify.
  3919 | D:4      | 3919 ||| IDENTIFYING yellow potion
  3920 | D:4      | 3920 ||| DROPPING potion of brilliance.
  3937 | D:5      | Entered Level 5 of the Dungeon
  3947 | D:5      | Found a shimmering altar of Xom.
  3948 | D:5      | Found a blossoming altar of Fedhas.
  4128 | D:5      | Reached skill level 1 in Dodging
  4206 | D:5      | HP: 6/38 [gnoll/+0 spear (7)]
  4206 | D:5      | HP: 2/38 [gnoll/+0 spear (4)]
  4207 | D:5      | Slain by an iguana

Levels and vault maps discovered:
D:1:      dpeg_arrival_long_road, layout_loops_ring, minmay_stone_trees_medium
D:2:      layout_rooms, uniq_terence, uniq_crazy_yiuf_cottage, uniq_robin
D:3:      layout_basic, lemuel_doored_altar, lemuel_tele_altar,
          nicolae_uskayaw_suspiria, nicolae_dithmenos_shadow_blocks,
          supply_closet_lemuel, uniq_jessica
D:4:      layout_gridville, nicolae_ru_great_annihilating_truth,
          minmay_temple_entry_overgrown
D:5:      layout_basic, tso_altar, mainiacjoe_overflow_divided_tiny,
          dk_noncrumbling_3, corexii_item_surrounded_by_moat, grunt_ministairs_9

Skill      XL: |  1  2  3  4  5  6 |
---------------+-------------------+-----
Axes           | 2 3 4 5 6 |  6.0
Fighting       | 4 |  4.0
Dodging        | 1 |  1.0
Armour         | |  3.2
Shields        | |  3.2

Action                   |  1- 3 |  4- 6 || total
-------------------------+-------+-------++-------
Melee: War axe           |   109 |   201 ||   310
Throw: Boomerang         |       |    29 ||    29
  Use: Scroll            |     3 |     7 ||    10
       Potion            |       |     2 ||     2
 Stab: Paralysed         |       |     1 ||     1
Armor: Scale mail        |    69 |    32 ||   101
       Chain mail        |       |   101 ||   101
Dodge: Dodged            |    65 |   106 ||   171
Block: Buckler           |    23 |    47 ||    70

Table legend:
 A = Non-vault XP
 B = Vault XP
 C = Vault XP percentage of total XP
 D = Non-vault monster count
 E = Vault monster count
 F = Vault count percentage of total count
                 A         B        C        D         E       F
            +---------+---------+-------+---------+---------+-------
      Total |     465 |     114 |  19.7 |      88 |      17 |  16.2
            +---------+---------+-------+---------+---------+-------
        D:1 |      48 |       0 |   0.0 |      25 |       0 |   0.0
        D:2 |     123 |      70 |  36.3 |      25 |      12 |  32.4
        D:3 |      78 |      37 |  32.2 |      21 |       1 |   4.5
        D:4 |     171 |       7 |   3.9 |      15 |       4 |  21.1
        D:5 |      45 |       0 |   0.0 |       2 |       0 |   0.0
            +---------+---------+-------+---------+---------+-------
